 Dungeon Crawl Stone Soup version 0.22.0 (webtiles) character file.

1701 GroovyGamera the Cleaver (level 8, -29/75 HPs)
             Began as a Minotaur Berserker on Aug 12, 2018.
             Was an Elder of Trog.
             Annihilated by a two-headed ogre
             ... wielding a +0 giant club
              (30 damage)
             ... on level 9 of the Dungeon.
             The game lasted 00:13:04 (4957 turns).

GroovyGamera the Cleaver (Minotaur Berserker)       Turns: 4957, Time: 00:13:04

Health: -29/75     AC: 13    Str: 23    XL:     8   Next: 73%
Magic:  7/7        EV:  7    Int:  5    God:    Trog [****..]
Gold:   222        SH:  0    Dex: 10    Spells: 7/7 levels left

rFire    . . .     SeeInvis .   D - +8 long sword of Inflation {flame, *Corrode rElec MR+}
rCold    . . .     Gourm    .   (no shield)
rNeg     . . .     Faith    .   j - +0 plate armour
rPois    .         Spirit   .   (helmet restricted)
rElec    +         Reflect  .   (no cloak)
rCorr    .         Harm     .   (no gloves)
MR       +....                  (no boots)
Stlth    ..........             (no amulet)
HPRegen  0.22/turn              (no ring)
MPRegen  0.10/turn              (no ring)

@: lethally poisoned (-29 -> -30), marked, berserk cooldown, slowed, very slow
A: retaliatory headbutt, horns 2
a: Berserk, Trog's Hand, Brothers in Arms, Renounce Religion


You were on level 9 of the Dungeon.
You worshipped Trog.
Trog was greatly pleased with you.
You were near starving.

You visited 1 branch of the dungeon, and saw 9 of its levels.
You also visited: Ossuary.

You collected 222 gold pieces.

Inventory:

Hand Weapons
 a - a +0 hand axe
 D - the +8 long sword of Inflation (weapon) {flame, *Corrode rElec MR+}
   (You found it on level 6 of the Dungeon)

   It has been specially enchanted to burn those struck by it, causing extra
   injury to most foes and up to half again as much damage against particularly
   susceptible opponents.
   Big, fiery blades are also staple armaments of hydra-hunters.
   It insulates you from electricity.
   It affects your resistance to hostile enchantments.
   It may corrode you when you take damage.
Missiles
 n - 8 tomahawks of returning (quivered)
 o - 40 bolts
Armour
 j - a +0 plate armour (worn)
Jewellery
 k - a +5 ring of protection {unknown}
 s - an uncursed ring of protection from magic {unknown}
 v - an uncursed ring of flight {unknown}
 w - an uncursed ring of flight {unknown}
 x - a cursed amulet of regeneration {unknown}
 y - an uncursed ring of magical power {unknown}
 E - an uncursed ring of flight {unknown}
Wands
 B - a wand of acid (11)
Scrolls
 b - 5 scrolls of teleportation
 l - 2 scrolls of magic mapping
 C - a scroll of remove curse
Potions
 d - a potion of lignification {unknown}
 e - 2 potions of haste {unknown}
 f - 2 potions of magic {unknown}
 g - 4 potions of might
 h - 4 potions of curing {unknown}
 i - a potion of invisibility {unknown}
 m - 3 potions of berserk rage {unknown}
 p - 2 potions of cancellation {unknown}
 q - 2 potions of agility {unknown}
 r - a potion of heal wounds {unknown}
 t - a potion of resistance {unknown}
 u - a potion of degeneration {unknown}
 z - a potion of ambrosia {unknown}
Comestibles
 c - 11 rations
 A - 3 chunks of flesh


   Skills:
 + Level 8.7 Fighting
 + Level 1.8 Long Blades
 + Level 8.8 Axes
 + Level 7.3 Armour
 - Level 2.1 Dodging


You had 7 spell levels left.
You didn't know any spells.
Your spell library was empty.

Dungeon Overview and Level Annotations

Branches:
Dungeon (9/15)             Temple (0/1) D:5
   Lair: D:8-11         Orc: D:9-12

Altars:
Dithmenos
Gozag
Qazlal
Trog
Yredelemnul

Shops:
D:7 *

Annotations:
D:8 Harold


Innate Abilities, Weirdness & Mutations

You reflexively headbutt those who attack you in melee.
You have a pair of horns on your head.


Message History

The two-headed ogre is lightly wounded.
You feel sick.
A howler monkey comes into view.
The two-headed ogre hits you but does no damage.
The two-headed ogre hits you with a giant club!!
* * * LOW HITPOINT WARNING * * *
The howler monkey hoots and howls with incredible vigour!
The two-headed ogre hits you with a giant club.
* * * LOW HITPOINT WARNING * * *
The two-headed ogre hits you with a giant club!
* * * LOW HITPOINT WARNING * * *
You hear an angry buzzing noise. x2; You hear a shout!
You hear an angry buzzing noise.
You hear a shout! x3; You hear an angry hiss.
Your plate armour prevents you from hitting the two-headed ogre.
You headbutt the two-headed ogre.
The two-headed ogre is lightly wounded.
* * * LOW HITPOINT WARNING * * *
You feel sick.
The two-headed ogre hits you with a giant club!!
You die...

#.....
#....#
#....
...
#.#
#<#
#)#
#)#
#@#
#O#


.hh ##### You could see a two-headed ogre and 2 howler monkeys.

Vanquished Creatures
  A water moccasin (D:9)
  An ice beast (D:6)
  A black bear (D:6)
  An ogre (D:4)
  A centaur (D:5)
  2 elf zombies (Ossuary)
  3 scorpions
  A howler monkey (D:4)
  2 crimson imps
  A centaur zombie (D:5)
  3 hounds
  2 bullfrog skeletons
  2 orc priests
  Jessica (D:3)
  An iguana (D:4)
  5 orc wizards
  Terence (D:3)
  4 worker ants
  2 big kobold zombies (Ossuary)
  2 mummies (Ossuary)
  Robin (D:3)
  3 gnolls (D:4)
  8 adders
  2 adder zombies (Ossuary)
  3 worms
  2 dart slugs (D:3)
  12 orcs
  3 ball pythons
  3 giant cockroaches
  14 hobgoblins
  3 jackals (D:6)
  2 quokkas (D:4)
  6 bats
  5 frilled lizards
  16 goblins
  2 goblin zombies (Ossuary)
  9 hobgoblin zombies (Ossuary)
  A jackal skeleton (D:4)
  2 jackal zombies (Ossuary)
  9 kobolds
  7 kobold zombies (Ossuary)
  10 orc zombies (Ossuary)
  9 rats
  A rat zombie (Ossuary)
170 creatures vanquished.

Notes
Turn   | Place    | Note
-------+----------+-------------------------------------------
     0 | D:1      | GroovyGamera the Minotaur Berserker began the quest for the Orb.
     0 | D:1      | Reached XP level 1. HP: 19/19 MP: 0/0
    66 | D:1      | You fall through a shaft!
   251 | D:2      | Noticed a scorpion
   258 | D:2      | Killed a scorpion
   258 | D:2      | Reached XP level 2. HP: 24/28 MP: 1/1
   258 | D:2      | Reached XP level 3. HP: 30/35 MP: 2/2
   796 | D:1      | Reached XP level 4. HP: 41/41 MP: 3/3
   910 | D:1      | Reached skill level 5 in Axes
   961 | D:1      | Reached skill level 5 in Fighting
  1326 | D:2      | Reached ** piety under Trog
  1648 | D:3      | Found a stormy altar of Qazlal.
  1716 | D:3      | Noticed Jessica
  1719 | D:3      | Found an opulent altar of Gozag.
  1721 | D:3      | Killed Jessica
  1813 | D:3      | Reached XP level 5. HP: 43/48 MP: 4/4
  1848 | D:3      | Noticed Robin
  1864 | D:3      | Killed Robin
  2339 | D:3      | Reached XP level 6. HP: 57/57 MP: 5/5
  2390 | D:3      | Noticed Terence
  2400 | D:3      | Killed Terence
  2537 | D:4      | Found a sand-covered staircase.
  2544 | Ossuary  | Entered an ossuary
  2573 | Ossuary  | Reached *** piety under Trog
  2779 | Ossuary  | Received a gift from Trog
  2779 | Ossuary  | Reached XP level 7. HP: 58/64 MP: 6/6
  2926 | D:4      | Reached skill level 5 in Armour
  3094 | D:4      | Found a bloodstained altar of Trog.
  3153 | D:4      | Found a basalt altar of Yredelemnul.
  3593 | D:5      | Entered Level 5 of the Dungeon
  3653 | D:5      | Reached XP level 8. HP: 68/74 MP: 7/7
  3691 | D:5      | Found a staircase to the Ecumenical Temple.
  4310 | D:6      | Reached **** piety under Trog
  4576 | D:6      | Got a transparent long sword
  4754 | D:6      | Found a shadowy altar of Dithmenos.
  4895 | D:6      | Identified the +8 long sword of Inflation {flame, *Corrode rElec MR+} (You found it on level 6 of the Dungeon)
  4903 | D:7      | Found Ykeysirph's Assorted Antiques.
  4904 | D:7      | You fall through a shaft!
  4920 | D:8      | Noticed Harold
  4948 | D:9      | Reached skill level 1 in Long Blades
  4954 | D:9      | Noticed a two-headed ogre
  4956 | D:9      | HP: 1/75 [two-headed ogre/giant club (10)]
  4957 | D:9      | Annihilated by a two-headed ogre

Skill      XL: |  1  2  3  4  5  6  7  8 |
---------------+-------------------------+-----
Fighting       | 4 5 6 7 8 |  8.7
Axes           | 4 5 6 7 8 |  8.8
Armour         | 3 4 6 7 |  7.3
Long Blades    | 1 |  1.8
Dodging        | |  2.1

Action                   |  1- 3 |  4- 6 |  7- 9 || total
-------------------------+-------+-------+-------++-------
Melee: Hand axe          |    32 |   244 |   239 ||   515
       Headbutt          |     3 |    50 |    41 ||    94
       Long sword        |       |       |    19 ||    19
Invok: Berserk           |     1 |       |     1 ||     2
       Trog's Hand       |       |     3 |     2 ||     5
  Use: Scroll            |       |     5 |     2 ||     7
  Eat: Chunk             |     1 |     6 |     5 ||    12
       Ration            |       |       |     1 ||     1
Armor: Leather armour    |     6 |    12 |       ||    18
       Animal skin       |     1 |       |       ||     1
       Plate armour      |       |   125 |   170 ||   295
Dodge: Dodged            |    25 |    87 |    82 ||   194
       Rpst.: Long sword |       |       |     1 ||     1
